 Dungeon Crawl Stone Soup version 0.32-a0-172-gc5dd13f2a7 (webtiles) character file.

Game seed: 1892851922127498979

7761 SmokeWeed the Blocker (level 11, -2/78 HPs)
             Began as a Demonspawn Brigand on Feb 12, 2024.
             Was a Believer of Makhleb.
             Killed by divine providence
             ... invoked by a meliai
              (12 damage)
             ... on level 9 of the Dungeon on Feb 13, 2024.
             The game lasted 00:26:25 (8489 turns).

SmokeWeed the Blocker (Demonspawn Brigand)          Turns: 8489, Time: 00:26:26

Health: -2/78      AC: 13    Str: 17    XL:     11   Next: 1%
Magic:  13/13      EV: 13    Int: 16    God:    Makhleb [**....]
Gold:   587        SH:  7    Dex: 16    Spells: 10/10 levels left

rFire   + . .        q - +7 mace of Evisceration {freeze, rElec Str+3 Int+4}
rCold   + . .        e - +0 buckler
rNeg    + . .        n - +0 acid dragon scales
rPois   +            (helmet restricted)
rElec   +            c - +1 cloak
rCorr   +            (no gloves)
SInv    .            x - +0 pair of boots
Will    .....        (no amulet)
Stlth   ++           h - ring of positive energy
HPRegen 4.33/turn    (no ring)
MPRegen 0.13/turn

%: no passive effects
@: mighty, resistant
A: horns 2, powered by death 2, sharp scales 2
a: Renounce Religion, Minor Destruction


You were on level 9 of the Dungeon.
You worshipped Makhleb.
Makhleb was pleased with you.
You visited 2 branches of the dungeon, and saw 10 of its levels.

You collected 587 gold pieces.

Inventory:

Hand Weapons
 a - a +2 dagger
 k - a +2 scimitar
 q - the +7 mace of Evisceration (weapon) {freeze, rElec Str+3 Int+4}
   (You found it on level 2 of the Dungeon)

   Str+3:     It affects your strength (+3).
   Int+4:     It affects your intelligence (+4).
   rElec:     It insulates you from electricity.
 w - a +3 falchion of holy wrath
Missiles
 d - 18 poisoned darts
 f - 70 stones
 E - a curare-tipped dart (quivered)
 H - 4 boomerangs
Armour
 b - a +0 robe
 c - a +1 cloak (worn)
 e - a +0 buckler (worn)
 g - a +0 plate armour
 i - a +0 scale mail
 n - +0 acid dragon scales (worn)
 x - a +0 pair of boots (worn)
Jewellery
 h - a ring of positive energy (left hand)
 o - a +6 ring of strength
Wands
 s - a wand of roots (17)
 t - a wand of polymorph (9)
 z - a wand of paralysis (9)
 D - a wand of digging (5)
Scrolls
 v - 2 scrolls of poison
 y - 3 scrolls of fear
 J - a scroll of blinking
 K - a scroll of teleportation
Potions
 j - a potion of degeneration
 l - a potion of mutation
 m - 3 potions of brilliance
 p - 2 potions of attraction
 r - 4 potions of curing
 u - 3 potions of heal wounds
 F - a potion of magic {unknown}
 G - a potion of experience {unknown}
 I - a potion of berserk rage {unknown}


   Skills:
 + Level 4.6 Fighting
 + Level 1.7 Short Blades
 * Level 5.3 Maces & Flails
 + Level 2.2 Throwing
 + Level 5.5 Armour
 + Level 5.2 Dodging
 + Level 3.7 Stealth
 + Level 11.2 Shields
 * Level 3.6 Invocations


You had 10 spell levels left.
You didn't know any spells.
Your spell library contained the following spells:

 Spells                   Type           Power      Damage    Failure   Level
 Kiss of Death            Conj/Necr      0%         2d5       36%         1
 Slow                     Hex            0%         N/A       36%         1
 Confusing Touch          Hex            0%         N/A       75%         3
 Dazzling Flash           Conj/Hex       0%         N/A       75%         3
 Mephitic Cloud           Conj/Alch/Air  0%         N/A       75%         3
 Sigil of Binding         Hex            0%         N/A       75%         3
 Vampiric Draining        Necr           0%         2d6       75%         3
 Dispel Undead            Necr           0%         3d6       98%         4
 Curse of Agony           Necr           0%         N/A       100%        5
 Silence                  Hex/Air        0%         N/A       100%        5


Dungeon Overview and Level Annotations

Branches:
Dungeon (9/15)             Temple (1/1) D:6
   Lair: D:8-11         Orc: D:9-12

Altars:
Ashenzari
Cheibriados
Dithmenos
Hepliaklqana
Makhleb
Nemelex Xobeh
Okawaru
Qazlal
Sif Muna
Trog
Uskayaw
Vehumet
Wu Jian
Xom
Yredelemnul


Innate Abilities, Weirdness & Mutations

You have a pair of horns on your head.
You regenerate health from kills.
You are mostly covered in razor-sharp scales. (AC +2, Slay +2)


Message History

The vampire mosquito is heavily damaged.
The vampire mosquito misses you. The vampire mosquito bites you!
The vampire mosquito draws strength from your injuries!
The vampire mosquito bites you but does no damage.
You sock the vampire mosquito! You freeze the vampire mosquito.
Your headbutt misses the vampire mosquito.
The vampire mosquito is almost destroyed.
The vampire mosquito closely misses you.
You hit the boulder beetle but do no damage.
Your headbutt misses the boulder beetle.
You hit the boulder beetle but do no damage.
You headbutt the boulder beetle.
The boulder beetle is lightly wounded.
The boulder beetle bites you!
The boulder beetle leaps!
Throw: 2 darts (curare)
Press: ? - help, Q - select action, (/) - cycle Shift-Dir - straight line, f - meliai
Aim: a meliai, wielding a +0 war axe and wearing a +0 leather armour (50% to hit)
You throw a curare-tipped dart. The curare-tipped dart hits the meliai.
The meliai is poisoned.
The meliai struggles to breathe.
The meliai seems to slow down.
The meliai is moderately wounded.
The vampire mosquito bites you but does no damage.
You sock the vampire mosquito! You freeze the vampire mosquito.
You destroy the vampire mosquito!
Makhleb accepts your kill. The basilisk bites you!
You have reached level 11!
Your demonic ancestry asserts itself...
The horns on your head grow some more.
You sock the basilisk! You freeze the basilisk.
The basilisk is moderately wounded.
The meliai invokes the aid of its god against you.
Something smites you!
* * * LOW HITPOINT WARNING * * *
The basilisk bites you.
* * * LOW HITPOINT WARNING * * *
The boulder beetle leaps!
The meliai mumbles some strange prayers to its god against you.
Something smites you!
You die...

#..# #...........
##.####...........
+...B.+....#####.#
####.##....# #.#
#○.##....# #.# ###+
###'###....# #.# #....
#)....#....# #..
#.)":T#.###.#....# #..
+.=.|yl@..#.'....# #..
#.)[:D#####.#....#####..
#.... #.....#...........
###+#####'###...#####...
#.....###[# #...# #...
##.#.##...###...# #...
+.....)..#..+...# #...
#.#.#.###...#...# #..#
#.....# #.###...# #..#


You could see a boulder beetle, a troll, a basilisk, an acid dragon shaped
shifter and a meliai (very poisoned, slow).

Vanquished Creatures
  A centaur warrior (D:9)
  2 two-headed ogres (D:9)
  A manticore (D:9)
  A troll (D:9)
  2 hornets
  6 yaks
  Eustachio (D:6)
  A vampire mosquito (D:9)
  2 steam dragons
  Menkaure (D:6)
  An acid dragon (D:9)
  2 water moccasins
  4 orc warriors
  3 black bears
  3 ice beasts (D:6)
  2 ogres
  3 centaurs
  A gnoll sergeant (D:8)
  A scorpion (D:5)
  7 bullfrogs
  5 wights (D:9)
  A bombardier beetle (D:7)
  3 jellies
  5 hounds
  2 orc priests
  A sleepcap (D:6)
  4 iguanas
  11 orc wizards
  9 adders
  7 gnolls
  3 shadow imps
  2 white imps (D:6)
  2 ufetubi (D:6)
  A ribbon worm (D:2)
  3 dart slugs
  18 orcs
  6 endoplasms
  6 giant cockroaches
  10 goblins
  5 hobgoblins
  3 jackals (D:3)
  10 quokkas
  4 ball pythons
  5 bats
  5 frilled lizards
  5 kobolds (D:1)
  4 rats
185 creatures vanquished.

Vanquished Creatures (others)
  A kobold brigand (D:7)
  A gnoll sergeant (D:7)
  A hound (D:7)
  An orc (D:7)
4 creatures vanquished.

Grand Total: 189 creatures vanquished

Notes
Turn   | Place    | Note
-------+----------+-------------------------------------------
     0 | D:1      | SmokeWeed the Demonspawn Brigand began the quest for the
                  | Orb.
     0 | D:1      | Reached XP level 1. HP: 16/16 MP: 1/1
   231 | D:1      | Gained mutation: You are partially covered in razor-sharp
                  | scales. (AC +1, Slay +1) [demonic ancestry]
   231 | D:1      | Reached XP level 2. HP: 23/23 MP: 2/2
   675 | D:1      | Reached XP level 3. HP: 25/29 MP: 3/3
  1369 | D:2      | Identified the +7 mace of Evisceration {freeze, rElec Str+3
                  | Int+4}
  1419 | D:2      | Reached skill level 1 in Armour
  1538 | D:3      | Gained mutation: You are mostly covered in razor-sharp
                  | scales. (AC +2, Slay +2) [demonic ancestry]
  1538 | D:3      | Reached XP level 4. HP: 37/37 MP: 4/4
  1541 | D:3      | Found a broken altar of Ashenzari.
  1542 | D:3      | Found an ornate altar of the Wu Jian Council.
  1784 | D:3      | Found an iron altar of Okawaru.
  1801 | D:3      | Reached XP level 5. HP: 33/42 MP: 5/5
  2410 | D:4      | Noticed a black bear
  2419 | D:4      | Killed a black bear
  2420 | D:4      | Reached XP level 6. HP: 48/48 MP: 6/6
  3031 | D:5      | Entered Level 5 of the Dungeon
  3239 | D:5      | Noticed an orc warrior
  3245 | D:5      | Killed an orc warrior
  3246 | D:5      | Reached XP level 7. HP: 35/53 MP: 7/7
  3531 | D:5      | Reached skill level 1 in Shields
  3608 | D:5      | Reached skill level 2 in Shields
  3619 | D:5      | Reached skill level 3 in Shields
  4036 | D:6      | Gained mutation: You have a pair of small horns on your
                  | head. [demonic ancestry]
  4036 | D:6      | Reached XP level 8. HP: 28/60 MP: 8/8
  4197 | D:6      | Reached skill level 4 in Shields
  4312 | D:6      | Reached skill level 5 in Shields
  4423 | D:6      | Found a staircase to the Ecumenical Temple.
  4465 | Temple   | Entered the Ecumenical Temple
  4513 | Temple   | Became a worshipper of Makhleb the Destroyer
  4721 | D:6      | Reached skill level 6 in Shields
  4721 | D:6      | Noticed Menkaure
  4725 | D:6      | Killed Menkaure
  4882 | D:6      | Noticed Eustachio
  4890 | D:6      | Killed Eustachio
  4891 | D:6      | Reached skill level 7 in Shields
  5107 | D:7      | Gained mutation: You regenerate a little health from kills.
                  | [demonic ancestry]
  5107 | D:7      | Reached XP level 9. HP: 64/65 MP: 9/9
  5233 | D:7      | Found a shimmering altar of Xom.
  5247 | D:7      | Reached skill level 8 in Shields
  5300 | D:7      | Reached * piety under Makhleb
  5475 | D:7      | Reached skill level 9 in Shields
  5577 | D:7      | Found a basalt altar of Yredelemnul.
  5652 | D:7      | Found a bloodstained altar of Trog.
  6230 | D:8      | Reached skill level 10 in Shields
  7231 | D:9      | Noticed a two-headed ogre
  7263 | D:9      | Killed a two-headed ogre
  7264 | D:9      | Reached skill level 11 in Shields
  7264 | D:9      | Gained mutation: You regenerate health from kills. [demonic
                  | ancestry]
  7264 | D:9      | Reached XP level 10. HP: 71/71 MP: 10/10
  7364 | D:8      | Reached skill level 1 in Invocations
  8161 | D:9      | Noticed a two-headed ogre
  8164 | D:9      | Paralysed by a hornet for 3 turns
  8176 | D:9      | Killed a two-headed ogre
  8177 | D:9      | Reached skill level 5 in Armour
  8358 | D:9      | Reached skill level 5 in Dodging
  8465 | D:9      | Noticed a meliai
  8465 | D:9      | Noticed a boulder beetle
  8465 | D:9      | Noticed a manticore
  8465 | D:9      | Noticed a centaur warrior
  8479 | D:9      | Killed a centaur warrior
  8480 | D:9      | Reached skill level 5 in Maces & Flails
  8482 | D:9      | Killed a manticore
  8482 | D:9      | Reached ** piety under Makhleb
  8489 | D:9      | Gained mutation: You have a pair of horns on your head.
                  | [demonic ancestry]
  8489 | D:9      | Reached XP level 11. HP: 25/78 MP: 13/13
  8489 | D:9      | Killed from afar by a meliai

Illustrated notes

Levels and vault maps discovered:
D:1:      mainiacjoe_arrival_reflecting_pool, layout_basic
D:2:      layout_rooms
D:3:      minmay_evil_eye, layout_basic, okawaru_ov_weapons_minmay,
          grunt_temple_overflow_open
D:4:      layout_basic, minmay_misc_feat_rugged
D:5:      nicolae_cairo_tiling_large, layout_loops_cross, supply_closet_lemuel,
          nicolae_half_adder
D:6:      layout_loops_ring, minmay_temple_entry_glassed_door, uniq_eustachio,
          uniq_menkaure
D:7:      layout_basic, mainiacjoe_overflow_alcove_2,
          mainiacjoe_overflow_tiny_flanked, xom_confusion_cloud
D:8:      layout_cave_pods, minmay_misc_feat_diagonals
D:9:      minmay_the_grid_square_5x5_3x3 [minmay_the_grid_square_5x5_v,
          minmay_the_grid_square_5x5_two, minmay_the_grid_square_5x5_detours,
          minmay_the_grid_square_5x5_three_small,
          minmay_the_grid_square_5x5_megaprize_open,
          minmay_the_grid_square_5x5_spiral, minmay_the_grid_square_5x5_inner_i,
          minmay_the_grid_square_5x5_checkered_sparse,
          minmay_the_grid_square_5x5_broken_cross], layout_irregular_city
Temple:   nicolae_temple_two_arcs

Skill      XL: |  1  2  3  4  5  6  7  8  9 10 |
---------------+-------------------------------+-----
Fighting       | 3 4 |  4.6
Armour         | 1 2 3 4 5 |  5.5
Maces & Flails | 2 5 |  5.3
Dodging        | 3 4 5 |  5.2
Shields        | 3 7 11 | 11.2
Invocations    | 3 |  3.6
Throwing       | 2 |  2.2
Short Blades   | |  1.7
Stealth        | |  3.7

Action                     |  1- 3 |  4- 6 |  7- 9 | 10-12 || total
---------------------------+-------+-------+-------+-------++-------
  Melee: Dagger            |   120 |       |       |       ||   120
         Mace              |     3 |    86 |   215 |   103 ||   407
         Headbutt          |       |       |    31 |    28 ||    59
  Throw: Dart              |       |     9 |    27 |    14 ||    50
         Boomerang         |       |       |     3 |       ||     3
  Evoke: Wand              |       |       |     1 |       ||     1
    Use: Scroll            |     4 |       |     7 |     7 ||    18
         Potion            |       |       |       |     7 ||     7
   Stab: Sleeping          |     5 |     1 |       |       ||     6
 Armour: Robe              |    30 |       |       |       ||    30
         Scale mail        |    29 |    98 |   172 |    76 ||   375
         Plate armour      |       |       |       |    62 ||    62
         Acid dragon scale |       |       |       |    41 ||    41
  Dodge: Dodged            |    44 |    52 |   115 |    58 ||   269
  Block: Buckler           |       |     2 |    59 |    44 ||   105

Table legend: (Time is in decaauts)
 A = Elapsed time spent in this place.
 B = Non-inter-level travel time spent in this place.
 C = Inter-level travel time spent in this place.
 D = Time resting spent in this place.
 E = Time spent auto-exploring this place.
 F = Levels seen in this place.
 G = Mean time per level.
                   A        B        C        D        E       F      G
               +--------+--------+--------+--------+--------+-----+--------+
         Total |   8563 |   8290 |    273 |    975 |   5320 |  10 |  856.3 |
       Dungeon |   8497 |   8224 |    273 |    975 |   5320 |   9 |  944.1 |
        Temple |     66 |     66 |      0 |      0 |      0 |   1 |   66.0 |
               +--------+--------+--------+--------+--------+-----+--------+

Top non-repeatable levels by time:
     D:8: 1848 daAuts
     D:6: 969 daAuts
     D:5: 941 daAuts
     D:7: 896 daAuts
     D:4: 880 daAuts
     D:1: 857 daAuts
     D:9: 790 daAuts
     D:2: 663 daAuts
     D:3: 649 daAuts
  Temple: 66 daAuts
